 Dungeon Crawl Stone Soup version 0.31.0-9-g3a7656b989 (webtiles) character file.

Game seed: 1929669262634506628

19387 qw the Nimble (level 12, -19/60 HPs)
             Began as a Spriggan Hunter on Feb 2, 2024.
             Was a High Priest of Okawaru.
             Demolished by a culicivora (23 damage)
             ... on level 2 of the Lair of Beasts.
             The game lasted 00:01:29 (10856 turns).

qw the Nimble (Spriggan Hunter)                    Turns: 10856, Time: 00:01:30

Health: -19/60     AC:  8    Str:  7    XL:     12   Next: 36%
Magic:  20/20      EV: 31    Int: 11    God:    Okawaru [*****.]
Gold:   763        SH:  0    Dex: 23    Spells: 11/11 levels left

rFire   . . .        l - +0 orcbow
rCold   . . .        (shield currently unavailable)
rNeg    . . .        c - +0 robe
rPois   .            (helmet restricted)
rElec   .            j - +1 cloak
rCorr   +            (gloves unavailable)
SInv    +            (boots unavailable)
Will    ++...        n - amulet of regeneration
Stlth   ++           i - +4 ring of protection
HPRegen 1.10/turn    k - ring of resist corrosion
MPRegen 0.17/turn

%: no passive effects
@: very quick
A: very small, no large weapons, unfitting armour, see invisible, speed 3
a: Renounce Religion, Heroism, Finesse, Duel


You were on level 2 of the Lair of Beasts.
You worshipped Okawaru.
Okawaru was extremely pleased with you.
You visited 3 branches of the dungeon, and saw 13 of its levels.

You collected 763 gold pieces.


Innate Abilities, Weirdness & Mutations

You are very small and have problems with some larger weapons.
You are too small for most types of armour.
You have supernaturally acute eyesight. (SInv)
You cover ground extremely quickly. (Speed+++)


   Skills:
 + Level 5.1 Fighting
 - Level 14.0 Ranged Weapons
 - Level 14.1 Dodging
 - Level 1.5 Stealth
 - Level 10.0 Invocations


You had 11 spell levels left.
You didn't know any spells.
Your spell library was empty.

Inventory:

Hand Weapons
 l - a +0 orcbow (weapon)
Armour
 c - a +0 robe (worn)
 e - the +5 robe "Gurip" {Harm rCorr}
   (You found it on level 3 of the Dungeon)

   rCorr:     It protects you from acid and corrosion.
   Harm:      It increases damage dealt and taken.
 j - a +1 cloak (worn)
Jewellery
 i - a +4 ring of protection (left hand)
 k - a ring of resist corrosion (right hand)
 n - an amulet of regeneration (around neck)
Wands
 f - a wand of light (8)
 q - a wand of polymorph (2)
Scrolls
 a - a scroll of identify
Potions
 b - a potion of enlightenment
 m - a potion of resistance

Dungeon Overview and Level Annotations

Branches:
Dungeon (10/15)            Temple (1/1) D:4            Lair (2/5) D:10
 Spider (0/4) Lair:2
  Swamp: Lair:2-3    Shoals: Lair:2-3       Orc: D:9-12

Altars:
Ashenzari
Cheibriados
Dithmenos
Elyvilon
Fedhas
Gozag
Hepliaklqana
Kikubaaqudgha
Makhleb
Nemelex Xobeh
Okawaru
Qazlal
Ru
Sif Muna
Trog
Uskayaw
Vehumet
Wu Jian
Xom
Yredelemnul
Zin
The Shining One


Message History

The culicivora is moderately wounded.
You feel sick. The culicivora barely misses you.
The culicivora completely misses you.
You shoot an arrow. The arrow hits the culicivora!
The culicivora is heavily wounded.
The culicivora misses you.
You shoot an arrow. The arrow hits the culicivora!
The culicivora is almost dead.
You feel sick.
You are no longer poisoned.
The culicivora barely misses you.
You shoot an arrow.
The arrow closely misses the culicivora.
The culicivora misses you.
You shoot an arrow. The arrow hits the culicivora.
The culicivora is almost dead.
The culicivora misses you.
You shoot an arrow. The arrow misses the culicivora.
The culicivora completely misses you. x2
You shoot an arrow. The arrow misses the culicivora.
The culicivora misses you.
You shoot an arrow. The arrow barely misses the culicivora.
The jumping spider leaps!
The culicivora bites you.
The culicivora draws strength from your injuries!
You shoot an arrow. The arrow hits the culicivora!
You kill the culicivora!
Okawaru accepts your kill.
You shoot an arrow. The arrow hits the culicivora!
The culicivora is moderately wounded.
The culicivora completely misses you.
You shoot an arrow. The arrow hits the culicivora!
The culicivora is severely wounded.
The culicivora closely misses you.
You shoot an arrow. The arrow misses the culicivora.
The culicivora completely misses you.
You shoot an arrow. The arrow barely misses the culicivora.
The culicivora bites you!!
The culicivora draws strength from your injuries!
The culicivora bites you!!
You die...

#...## ... ##...# ...
##... ### ### ##...
##.. ###.# #.... #^.>
#...# ###.. #.s #...#
#.. #s### #...# ##.
##@#s###...## ##.
##.###.##....# #.# ##
#^#.#.###...######..
#.###.###^##...P.##....
#.#...#.#.#...........
#^....#^##.....#.####
####...####......###...
###......#
#..)...#....#
#.#.....###
##....#..#..#


You could see a culicivora and a jumping spider.

Vanquished Creatures
  A hydra (Lair:2)
  Erolcha (D:10)
  Maurice (D:10)
  5 elephants (Lair:1)
  5 cane toads
  2 komodo dragons
  A polar bear (Lair:2)
  Grinder (D:4)
  2 culicivoras (Lair:2)
  3 wraiths
  2 wyverns (Lair:1)
  3 basilisks
  Eustachio (D:5)
  2 redbacks (Lair:2)
  34 yaks
  3 steam dragons
  Grum (D:9)
  Edmund (D:4)
  Menkaure (D:4)
  Duvessa (D:6)
  An acid dragon (D:10)
  6 water moccasins
  An ice beast (D:5)
  4 black bears (D:6)
  3 orc warriors
  5 sky beasts
  An ogre (D:6)
  14 wolves
  A centaur (D:10)
  3 phantoms
  8 bullfrogs
  3 kobold brigands (D:9)
  4 wights (D:8)
  Dowan (D:6)
  16 killer bees
  A vampire bat (D:4)
  2 howler monkeys
  5 orc priests
  2 bombardier beetles (D:3)
  A gnoll bouda (D:3)
  4 hounds
  2 sleepcaps
  An iguana (D:6)
  10 orc wizards
  7 adders
  7 gnolls (D:3)
  A shadow imp (D:6)
  2 white imps
  2 ribbon worms
  4 dart slugs
  3 fire bats (D:4)
  30 orcs
  2 spectral bats (D:4)
  3 bat skeletons (D:4)
  A bat zombie (D:4)
  3 endoplasms
  5 giant cockroaches
  10 goblins
  7 hobgoblins
  16 kobolds
  3 quokkas
  6 ball pythons
  19 bats
  A bat simulacrum (D:4)
  A frilled lizard (D:3)
  7 rats
310 creatures vanquished.

Notes
Turn   | Place    | Note
-------+----------+-------------------------------------------
     0 | D:1      | qw the Spriggan Hunter began the quest for the Orb.
     0 | D:1      | Reached XP level 1. HP: 10/10 MP: 2/2
     0 | D:1      | 0 ||| qw: Version: 0.3-a-155-g5e7d8dd
     0 | D:1      | 0 ||| qw: Game counter: 1146
     0 | D:1      | 0 ||| qw: Melee chars always use a shield: true
     0 | D:1      | 0 ||| qw: God list: Okawaru
     0 | D:1      | 0 ||| qw: Allow faded altars: false
     0 | D:1      | 0 ||| qw: Do Orc after clearing Dungeon:15 true
     0 | D:1      | 0 ||| qw: Do second Lair branch before Depths: true
     0 | D:1      | 0 ||| qw: Lair rune preference: random
     0 | D:1      | 0 ||| qw: Goals: Normal
     0 | D:1      | 0 ||| PLANNING D:1-11
    56 | D:1      | Reached skill level 3 in Dodging
   296 | D:1      | Reached XP level 2. HP: 14/14 MP: 3/3
   338 | D:1      | Found a faded altar of an unknown god.
   503 | D:1      | 503 ||| READING scroll labelled ROPLAABRYB.
   504 | D:1      | 504 ||| READING 2 scrolls labelled AREHUAN ICYZ.
   605 | D:1      | 605 ||| READING scroll labelled JASOUR FACEHE.
   606 | D:1      | 606 ||| READING scroll labelled FOBUPN JUHOTI.
   606 | D:1      | 606 ||| BRANDING +0 shortbow.
   607 | D:1      | 607 ||| DROPPING scroll of butterflies.
   608 | D:1      | 608 ||| DROPPING scroll of vulnerability.
   716 | D:2      | Reached XP level 3. HP: 9/18 MP: 4/4
  1254 | D:2      | 1254 ||| READING scroll labelled ZIATWAETZA.
  1255 | D:2      | 1255 ||| READING scroll labelled VURE WU IVI.
  1256 | D:2      | 1256 ||| READING scroll labelled ZOEZEM CY JOPESY.
  1261 | D:2      | 1261 ||| READING scroll labelled WUICIRATWI.
  1262 | D:2      | 1262 ||| DRINKING 2 glowing puce potions.
  1263 | D:2      | 1263 ||| DRINKING 2 dark potions.
  1264 | D:2      | 1264 ||| DROPPING potion of attraction.
  1265 | D:2      | 1265 ||| DROPPING potion of invisibility.
  1320 | D:3      | Reached XP level 4. HP: 22/22 MP: 5/5
  1340 | D:3      | Reached XP level 5. HP: 22/26 MP: 6/6
  1459 | D:3      | Identified the +5 robe "Gurip" {Harm rCorr}
  1708 | D:3      | Reached skill level 6 in Ranged Weapons
  1719 | D:3      | Reached XP level 6. HP: 30/30 MP: 7/7
  1758 | D:3      | Found a shadowy altar of Dithmenos.
  2043 | D:3      | 2043 ||| DROPPING ring of magical power.
  2044 | D:3      | 2044 ||| UPGRADING to +4 ring of protection.
  2045 | D:3      | 2045 ||| READING 2 scrolls labelled OCWARAHUPO.
  2045 | D:3      | 2045 ||| IDENTIFYING fuming green potion
  2046 | D:3      | 2046 ||| READING scroll of identify.
  2046 | D:3      | 2046 ||| IDENTIFYING murky golden potion
  2047 | D:3      | 2047 ||| DROPPING potion of lignification.
  2115 | D:4      | Noticed Grinder
  2134 | D:4      | Killed Grinder
  2236 | D:4      | Reached XP level 7. HP: 35/35 MP: 8/8
  2342 | D:4      | Found a basalt altar of Yredelemnul.
  2342 | D:4      | Found a blossoming altar of Fedhas.
  2342 | D:4      | Found a bloodstained altar of Trog.
  2344 | D:4      | Found a radiant altar of Vehumet.
  2407 | D:4      | Noticed Menkaure
  2412 | D:4      | Killed Menkaure
  2452 | D:4      | Found a staircase to the Ecumenical Temple.
  2453 | D:4      | 2453 ||| PLANNING TEMPLE
  2453 | D:4      | 2453 ||| READING scroll of identify.
  2453 | D:4      | 2453 ||| IDENTIFYING scroll labelled QETOAC VUGHEBA
  2454 | D:4      | 2454 ||| DROPPING scroll of torment.
  2465 | Temple   | Entered the Ecumenical Temple
  2466 | Temple   | 2466 ||| PLANNING OKAWARU WORSHIP
  2482 | Temple   | Became a worshipper of Warmaster Okawaru
  2483 | Temple   | 2483 ||| PLANNING D:1-11
  2716 | D:4      | Identified the +1 falchion of Zullip {drain, rElec Will+
                  | Str+3}
  2824 | D:4      | Noticed Edmund
  2828 | D:4      | Killed Edmund
  2989 | D:5      | Entered Level 5 of the Dungeon
  3115 | D:5      | Noticed Eustachio
  3133 | D:5      | Reached XP level 8. HP: 32/39 MP: 9/9
  3136 | D:5      | Killed Eustachio
  3137 | D:5      | Reached skill level 3 in Fighting
  3142 | D:5      | HP: 10/40 [poisoned by Eustachio]
  3302 | D:5      | Found a shimmering blue altar of Sif Muna.
  3654 | D:5      | Identified the +9 hand axe of the Extremely Mad {heavy,
                  | Will+}
  3715 | D:5      | Reached * piety under Okawaru
  4263 | D:5      | 4263 ||| READING 3 scrolls of identify.
  4263 | D:5      | 4263 ||| IDENTIFYING grey potion
  4264 | D:5      | 4264 ||| READING 2 scrolls of identify.
  4264 | D:5      | 4264 ||| IDENTIFYING 2 ruby potions
  4265 | D:5      | 4265 ||| READING scroll of identify.
  4265 | D:5      | 4265 ||| IDENTIFYING scroll labelled GAMPUCWESAP
  4266 | D:5      | 4266 ||| DROPPING potion of berserk rage.
  4267 | D:5      | 4267 ||| DROPPING scroll of silence.
  4325 | D:6      | Noticed a komodo dragon
  4326 | D:6      | 4326 ||| INVOKING Heroism.
  4334 | D:6      | Killed a komodo dragon
  4335 | D:6      | Reached skill level 9 in Ranged Weapons
  4367 | D:6      | Reached skill level 1 in Invocations
  4385 | D:6      | 4385 ||| INVOKING Heroism.
  4451 | D:6      | Reached XP level 9. HP: 36/44 MP: 10/12
  4503 | D:6      | Found a glowing golden altar of the Shining One.
  4510 | D:6      | Reached skill level 9 in Dodging
  4510 | D:6      | Reached skill level 3 in Invocations
  4883 | D:6      | Reached ** piety under Okawaru
  4984 | D:6      | 4984 ||| UPGRADING to +0 cloak.
  4989 | D:6      | 4989 ||| READING scroll of identify.
  4989 | D:6      | 4989 ||| IDENTIFYING scroll labelled QEIGHE BIRAISU
  4990 | D:6      | 4990 ||| READING scroll of enchant weapon.
  4990 | D:6      | 4990 ||| ENCHANTING +0 shortbow of electrocution.
  4991 | D:6      | 4991 ||| DROPPING wand of flame (20).
  5021 | D:7      | Noticed Duvessa
  5021 | D:7      | Noticed Dowan
  5022 | D:7      | 5022 ||| STAIRDANCE
  5064 | D:7      | 5064 ||| STAIRDANCE
  5068 | D:7      | 5068 ||| STAIRDANCE
  5078 | D:7      | 5078 ||| STAIRDANCE
  5107 | D:7      | 5107 ||| STAIRDANCE
  5170 | D:7      | 5170 ||| STAIRDANCE
  5184 | D:7      | 5184 ||| STAIRDANCE
  5195 | D:7      | 5195 ||| INVOKING Heroism.
  5199 | D:7      | 5199 ||| STAIRDANCE
  5217 | D:7      | 5217 ||| STAIRDANCE
  5246 | D:7      | 5246 ||| STAIRDANCE
  5293 | D:7      | 5293 ||| STAIRDANCE
  5299 | D:7      | 5299 ||| STAIRDANCE
  5317 | D:7      | 5317 ||| STAIRDANCE
  5349 | D:7      | 5349 ||| STAIRDANCE
  5420 | D:7      | 5420 ||| STAIRDANCE
  5426 | D:6      | Killed Duvessa
  5427 | D:6      | 5427 ||| INVOKING Heroism.
  5435 | D:6      | Killed Dowan
  5530 | D:7      | 5530 ||| STAIRDANCE
  5540 | D:7      | 5540 ||| STAIRDANCE
  5643 | D:7      | 5643 ||| READING scroll of brand weapon.
  5643 | D:7      | 5643 ||| BRANDING +1 shortbow of electrocution.
  5784 | D:7      | Found an ornate altar of the Wu Jian Council.
  5899 | D:7      | 5899 ||| DROPPING +6 ring of intelligence.
  6084 | D:8      | 6084 ||| Stepping ~*~*~tactically~*~*~ (cloud).
  6095 | D:8      | Reached XP level 10. HP: 41/49 MP: 14/14
  6258 | D:8      | Found an ancient bone altar of Kikubaaqudgha.
  6263 | D:8      | Found a glowing silver altar of Zin.
  6306 | D:8      | 6306 ||| RETREEEEATING.
  6307 | D:8      | 6307 ||| RETREEEEATING.
  6308 | D:8      | 6308 ||| RETREEEEATING.
  6309 | D:8      | 6309 ||| RETREEEEATING.
  6311 | D:8      | 6311 ||| RETREEEEATING.
  6330 | D:8      | HP: 11/49 [yak (7)]
  6331 | D:8      | 6331 ||| READING 2 scrolls of teleportation.
  6332 | D:8      | 6332 ||| DRINKING 3 potions of heal wounds.
  6498 | D:8      | Identified the granite talisman of Stoicism {Str+2 Dex+4}
  6629 | D:8      | Reached *** piety under Okawaru
  6824 | D:8      | 6824 ||| RETREEEEATING.
  6833 | D:8      | Reached skill level 12 in Dodging
  7103 | D:9      | 7103 ||| RETREEEEATING.
  7104 | D:9      | 7104 ||| RETREEEEATING.
  7105 | D:9      | 7105 ||| RETREEEEATING.
  7106 | D:9      | 7106 ||| RETREEEEATING.
  7111 | D:9      | 7111 ||| RETREEEEATING.
  7123 | D:9      | Reached skill level 12 in Ranged Weapons
  7130 | D:9      | Reached **** piety under Okawaru
  7230 | D:9      | Noticed Grum
  7233 | D:9      | 7233 ||| RETREEEEATING.
  7235 | D:9      | 7235 ||| RETREEEEATING.
  7246 | D:9      | 7246 ||| RETREEEEATING.
  7247 | D:9      | Killed Grum
  7356 | D:9      | 7356 ||| RETREEEEATING.
  7365 | D:9      | 7365 ||| RETREEEEATING.
  7366 | D:9      | 7366 ||| RETREEEEATING.
  7367 | D:9      | 7367 ||| RETREEEEATING.
  7368 | D:9      | 7368 ||| RETREEEEATING.
  7374 | D:9      | 7374 ||| RETREEEEATING.
  7375 | D:9      | 7375 ||| RETREEEEATING.
  7413 | D:9      | Reached XP level 11. HP: 36/55 MP: 16/16
  7506 | D:9      | 7506 ||| INVOKING Finesse.
  7537 | D:9      | Reached skill level 6 in Invocations
  8118 | D:9      | 8118 ||| DROPPING amulet of guardian spirit.
  8119 | D:9      | 8119 ||| UPGRADING to amulet of regeneration.
  8124 | D:9      | 8124 ||| UPGRADING to ring of resist corrosion.
  8125 | D:9      | 8125 ||| READING 2 scrolls of identify.
  8125 | D:9      | 8125 ||| IDENTIFYING murky coppery potion
  8173 | D:10     | Entered Level 10 of the Dungeon
  8204 | D:10     | 8204 ||| SWAPPING to +0 orcbow.
  8205 | D:10     | 8205 ||| DROPPING +1 shortbow of draining.
  8212 | D:10     | 8212 ||| RETREEEEATING.
  8214 | D:10     | 8214 ||| RETREEEEATING.
  8216 | D:10     | 8216 ||| RETREEEEATING.
  8217 | D:10     | 8217 ||| RETREEEEATING.
  8218 | D:10     | 8218 ||| RETREEEEATING.
  8220 | D:10     | 8220 ||| RETREEEEATING.
  8226 | D:10     | Reached ***** piety under Okawaru
  8440 | D:10     | Found a sparkling altar of Nemelex Xobeh.
  8446 | D:10     | Noticed Erolcha
  8447 | D:10     | 8447 ||| RETREEEEATING.
  8449 | D:10     | 8449 ||| RETREEEEATING.
  8450 | D:10     | 8450 ||| INVOKING Finesse.
  8451 | D:10     | 8451 ||| INVOKING Finesse.
  8481 | D:10     | Killed Erolcha
  8692 | D:10     | Found a staircase to the Lair.
  8874 | D:10     | Noticed Maurice
  8892 | D:10     | Killed Maurice
  8939 | D:10     | 8939 ||| PLANNING LAIR
  8939 | D:10     | 8939 ||| READING scroll of identify.
  8939 | D:10     | 8939 ||| IDENTIFYING black potion
  8940 | D:10     | 8940 ||| READING scroll labelled NESIUPT RULUOS.
  8941 | D:10     | 8941 ||| READING scroll labelled ORUJIU ARETYAD.
  8941 | D:10     | 8941 ||| ENCHANTING +0 cloak.
  8942 | D:10     | 8942 ||| DROPPING potion of brilliance.
  9007 | Lair:1   | Entered Level 1 of the Lair of Beasts
  9009 | Lair:1   | 9009 ||| STAIRDANCE
  9014 | D:10     | Received a gift from Okawaru
  9191 | Lair:1   | 9191 ||| Stepping ~*~*~tactically~*~*~ (cloud).
  9194 | Lair:1   | 9194 ||| Stepping ~*~*~tactically~*~*~ (cloud).
  9195 | Lair:1   | 9195 ||| Stepping ~*~*~tactically~*~*~ (cloud).
  9293 | Lair:1   | You fall into a shaft and drop 1 floor!
  9720 | Lair:1   | 9720 ||| RETREEEEATING.
  9721 | Lair:1   | 9721 ||| RETREEEEATING.
  9722 | Lair:1   | 9722 ||| RETREEEEATING.
  9723 | Lair:1   | 9723 ||| RETREEEEATING.
  9729 | Lair:1   | 9729 ||| INVOKING Finesse.
  9733 | Lair:1   | 9733 ||| RETREEEEATING.
  9734 | Lair:1   | 9734 ||| RETREEEEATING.
  9735 | Lair:1   | 9735 ||| RETREEEEATING.
  9760 | Lair:1   | Received a gift from Okawaru
  9773 | Lair:1   | Reached skill level 9 in Invocations
  9892 | Lair:1   | 9892 ||| READING scroll of identify.
  9892 | Lair:1   | 9892 ||| IDENTIFYING glowing silvery potion
  9999 | Lair:2   | Noticed a seven-headed hydra
 10000 | Lair:2   | 10000 ||| INVOKING Finesse.
 10012 | Lair:2   | HP: 13/55 [seven-headed hydra (12)]
 10013 | Lair:2   | 10013 ||| READING 2 scrolls of teleportation.
 10014 | Lair:2   | Killed a seven-headed hydra
 10015 | Lair:2   | Reached XP level 12. HP: 16/60 MP: 14/20
 10160 | Lair:2   | 10160 ||| Stepping ~*~*~tactically~*~*~ (cloud).
 10161 | Lair:2   | 10161 ||| Stepping ~*~*~tactically~*~*~ (cloud).
 10219 | Lair:2   | 10219 ||| RETREEEEATING.
 10220 | Lair:2   | 10220 ||| RETREEEEATING.
 10222 | Lair:2   | 10222 ||| RETREEEEATING.
 10223 | Lair:2   | 10223 ||| RETREEEEATING.
 10224 | Lair:2   | 10224 ||| RETREEEEATING.
 10225 | Lair:2   | 10225 ||| RETREEEEATING.
 10230 | Lair:2   | Received a gift from Okawaru
 10236 | Lair:2   | 10236 ||| RETREEEEATING.
 10237 | Lair:2   | 10237 ||| RETREEEEATING.
 10238 | Lair:2   | 10238 ||| RETREEEEATING.
 10239 | Lair:2   | 10239 ||| RETREEEEATING.
 10240 | Lair:2   | 10240 ||| RETREEEEATING.
 10242 | Lair:2   | 10242 ||| RETREEEEATING.
 10250 | Lair:2   | 10250 ||| RETREEEEATING.
 10251 | Lair:2   | 10251 ||| RETREEEEATING.
 10252 | Lair:2   | 10252 ||| RETREEEEATING.
 10253 | Lair:2   | 10253 ||| RETREEEEATING.
 10259 | Lair:2   | 10259 ||| INVOKING Finesse.
 10260 | Lair:2   | 10260 ||| INVOKING Heroism.
 10343 | Lair:2   | 10343 ||| RETREEEEATING.
 10344 | Lair:2   | 10344 ||| RETREEEEATING.
 10345 | Lair:2   | 10345 ||| RETREEEEATING.
 10346 | Lair:2   | 10346 ||| RETREEEEATING.
 10347 | Lair:2   | 10347 ||| RETREEEEATING.
 10348 | Lair:2   | 10348 ||| RETREEEEATING.
 10349 | Lair:2   | 10349 ||| RETREEEEATING.
 10350 | Lair:2   | 10350 ||| RETREEEEATING.
 10351 | Lair:2   | 10351 ||| RETREEEEATING.
 10352 | Lair:2   | 10352 ||| RETREEEEATING.
 10353 | Lair:2   | 10353 ||| RETREEEEATING.
 10354 | Lair:2   | 10354 ||| RETREEEEATING.
 10693 | Lair:2   | HP: 10/60 [culicivora (22)]
 10694 | Lair:2   | 10694 ||| READING scroll of teleportation.
 10695 | Lair:2   | 10695 ||| DRINKING 3 potions of heal wounds.
 10804 | Lair:2   | Found a hole to the Spider Nest.
 10810 | Lair:2   | HP: 8/60 [poisoned by a redback]
 10811 | Lair:2   | 10811 ||| DRINKING 2 potions of heal wounds.
 10813 | Lair:2   | 10813 ||| DRINKING potion of curing.
 10813 | Lair:2   | 10813 ||| (to cure bad poison)
 10814 | Lair:2   | 10814 ||| DRINKING potion of heal wounds.
 10837 | Lair:2   | HP: 15/60 [poisoned by a redback]
 10842 | Lair:2   | HP: 14/60 [poisoned by a redback]
 10856 | Lair:2   | HP: 4/60 [culicivora (19)]
 10856 | Lair:2   | Demolished by a culicivora

Levels and vault maps discovered:
D:1:      co_arrival_random_square_maze, layout_basic,
          hellmonk_ecumenical_altar_blasted
D:2:      layout_loops_cross, minmay_pentomino_x2
D:3:      layout_loops_ring, mainiacjoe_overflow_catwalk
D:4:      layout_basic, chequers_temple_overflow_statue_of_worship,
          minmay_temple_entry_junction, nrook_uturn,
          chequers_serial_rivers_large_a, roderic_batcave, goddamned_bats,
          uniq_menkaure, uniq_edmund, uniq_grinder
D:5:      layout_layer_cave, kennysheep_little_box, grunt_ministairs_3,
          uniq_eustachio
D:6:      layout_rooms, mainiacjoe_overflow_tiny_flanked, minmay_crystal_water
D:7:      layout_rooms, amcnicky_altar_gilded, uniq_duvessa
D:8:      layout_loops_ring, grunt_temple_overflow_open
D:9:      layout_basic, uniq_grum
D:10:     layout_irregular_city, kennysheep_mini_moat, david_lair_shrubbed,
          uniq_erolcha, uniq_maurice
Temple:   nicolae_temple_bog_church
Lair:1:   layout_regular_city, grunt_forest_stairs_basic, columned_hall_lemuel
Lair:2:   layout_cave_pods, nicolae_spider_entry_tight_spaces,
          beast_lair_carwin_7

Skill      XL: |  1  2  3  4  5  6  7  8  9 10 11 12 |
---------------+-------------------------------------+-----
Dodging        | 3 4 5 7 8 11 12 14 | 14.1
Ranged Weapons | 5 6 8 9 10 12 13 14 | 14.0
Fighting       | 2 3 4 5 |  5.1
Invocations    | 2 4 5 9 10 | 10.0
Stealth        | |  1.5

Action                     |  1- 3 |  4- 6 |  7- 9 | 10-12 || total
---------------------------+-------+-------+-------+-------++-------
   Fire: Shortbow          |    78 |   126 |   432 |   324 ||   960
         Orcbow            |       |       |       |   671 ||   671
 Invoke: Heroism           |       |       |     4 |     1 ||     5
         Finesse           |       |       |       |     5 ||     5
    Use: Scroll            |     8 |     2 |     7 |     8 ||    25
         Potion            |     2 |       |       |     5 ||     7
 Armour: Robe              |     6 |    12 |    92 |   144 ||   254
  Dodge: Dodged            |    14 |    46 |   412 |   807 ||  1279

Table legend:
 A = Non-vault XP
 B = Vault XP
 C = Vault XP percentage of total XP
 D = Non-vault monster count
 E = Vault monster count
 F = Vault count percentage of total count
                 A         B        C        D         E       F
            +---------+---------+-------+---------+---------+-------
      Total |   21729 |    5968 |  21.5 |     254 |      56 |  18.1
            +---------+---------+-------+---------+---------+-------
        D:1 |      35 |       0 |   0.0 |      20 |       0 |   0.0
        D:2 |      53 |       3 |   5.4 |      15 |       2 |  11.8
        D:3 |     322 |       0 |   0.0 |      29 |       0 |   0.0
        D:4 |     157 |     807 |  83.7 |      18 |      29 |  61.7
        D:5 |     275 |     332 |  54.7 |       9 |       3 |  25.0
        D:6 |    2336 |     223 |   8.7 |      37 |       2 |   5.1
        D:7 |     332 |       0 |   0.0 |       7 |       0 |   0.0
        D:8 |    2192 |       0 |   0.0 |      20 |       0 |   0.0
        D:9 |    3759 |     652 |  14.8 |      43 |       5 |  10.4
       D:10 |    2691 |    1977 |  42.4 |      16 |       4 |  20.0
     Lair:1 |    4835 |       0 |   0.0 |      17 |       0 |   0.0
     Lair:2 |    4742 |    1974 |  29.4 |      23 |      11 |  32.4
            +---------+---------+-------+---------+---------+-------
